 Dungeon Crawl Stone Soup version 0.27-a0-1071-ga85bd9520d (webtiles) character file.

Game seed: 9393588418046452308

108 wakim the Sneak (level 4, -2/28 HPs)
             Began as an Octopode Transmuter on Apr 24, 2021.
             Blown up by a hobgoblin (25 damage)
             ... with a mindburst bolt
             ... on level 3 of the Dungeon.
             The game lasted 00:11:40 (3192 turns).

wakim the Sneak (Octopode Transmuter)               Turns: 3192, Time: 00:11:41

Health: -2/28      AC:  4    Str:  9    XL:     4   Next: 87%
Magic:  6/7        EV: 13    Int: 16    God:
Gold:   124        SH:  5    Dex: 12    Spells: 3/7 levels left

rFire    . . .     SeeInvis .     - Unarmed
rCold    . . .     Faith    .   b - +2 buckler {AC+3}
rNeg     . . .     Spirit   .   (helmet currently unavailable)
rPois    .         Reflect  .   (no amulet)
rElec    .         Harm     .   (no ring)
rCorr    .         Rampage  .   (no ring)
Will     .....                  (no ring)
Stlth    +++.......             (no ring)
HPRegen  0.09/turn              (no ring)
MPRegen  0.10/turn              (no ring)
                                (no ring)
                                (no ring)

@: appendages (expiring)
A: tentacle spike 3, almost no armour, amphibious, 8 rings, camouflage 1,
gelatinous body 1, (nimble swimmer 1), tentacles
a: End Transformation


You were on level 3 of the Dungeon.
One of your tentacles had grown a beastly spike.
You visited 1 branch of the dungeon, and saw 3 of its levels.

You collected 124 gold pieces.

Inventory:

Armour
 b - a +2 buckler of protection (worn)
Jewellery
 i - a ring of fire
Scrolls
 X - 2 scrolls of fog
Potions
 c - a potion of curing {unknown}
 d - a potion of lignification {unknown}
 e - 2 potions of brilliance {unknown}
 J - 2 potions of heal wounds


   Skills:
 - Level 1.0 Fighting
 - Level 2.6 Dodging
 - Level 4.0 Stealth
 * Level 1.1 Shields
 + Level 3.8 Unarmed Combat
 - Level 2.0 Spellcasting
 - Level 2.0 Transmutations


You had 3 spell levels left.
You knew the following spells:

 Your Spells              Type           Power      Damage    Failure   Level
a - Beastly Appendage     Tmut           16%        N/A       13%         1
x - Spider Form           Tmut/Pois      2%         N/A       52%         3

Your spell library contained the following spells:

 Spells                   Type           Power      Damage    Failure   Level
 Wereblood                Tmut           8%         N/A       21%         2
 Ice Form                 Ice/Tmut       4%         N/A       89%         4
 Hydra Form               Tmut           4%         N/A       98%         5


Dungeon Overview and Level Annotations

Branches:
Dungeon (3/15)

Altars:

Shops:
D:3 [


Innate Abilities, Weirdness & Mutations

One of your tentacles has grown a beastly spike.
You cannot wear most types of armour.
You are amphibious.
You can wear up to eight rings at the same time.
Your skin changes colour to match your surroundings (Stealth+).
Your rubbery body absorbs attacks. (AC +1, EV +1)
((You are camouflaged near water. (Stealth+)))
You have tentacles for arms and can constrict up to eight enemies at once.


Message History

You kill the bat!
You block the quokka's attack.
Your Shields skill increases to level 1!
You tentacle-slap the quokka. You grab the quokka.
Your tentacle-slap misses the quokka.
You squeeze the quokka.
You kill the quokka!
You see here a quokka corpse.
You see here a bat corpse.
Your tentacle spike disappears.
Found 2 glowing dark potions.
e - 2 glowing dark potions
As you read the scroll labelled HALIGI CUWEACY, it crumbles to dust.
You speak a Word of immense power!
It was a scroll of holy word.
There is an open door here.
There is an open door here.
An endoplasm comes into view.
Casting: Beastly Appendage (safe; 13% risk of failure)
Confirm with . or Enter, or press ? or * to list all spells.
One of your tentacles grows a vicious spike.
The helpless endoplasm fails to defend itself.
You tentacle-slap the endoplasm.
You pierce the endoplasm.
The endoplasm is almost dead.
A hobgoblin comes into view.
It is wielding a +0 hand axe and carrying a wand of mindburst (11).
The endoplasm hits you but does no damage.
The hobgoblin shouts!
You tentacle-slap the endoplasm.
You kill the endoplasm!
Your transformation is almost over.
The hobgoblin barely misses you.
You barely miss the hobgoblin. You grab the hobgoblin.
You constrict the hobgoblin, but do no damage.
The hobgoblin zaps a wand.
Your mind is blasted!
You completely miss the hobgoblin.
You pierce the hobgoblin, but do no damage.
You constrict the hobgoblin.
The hobgoblin zaps a wand.
Your mind is blasted!
Ouch! That really hurt!
You die...

########....... ...
#.............. ...###
#.............. ......
#.......######.
......########...# #.
..........####...# #†
..........'.##...# #.
......g...#.##...#######
.......@..'..'...#......
..........#..#...#......
##..............##......
#########.#.##.##......
........#.#...'......
.########.#####......
#............
############# .........


You could see a hobgoblin.

Vanquished Creatures
  4 adders
  A worm (D:2)
  A dart slug (D:1)
  6 orcs (D:3)
  4 endoplasms
  4 giant cockroaches
  2 goblins (D:1)
  7 hobgoblins
  5 jackals (D:1)
  2 quokkas
  4 ball pythons
  4 bats
  8 frilled lizards
  4 kobolds (D:1)
  4 rats
60 creatures vanquished.

Notes
Turn   | Place    | Note
-------+----------+-------------------------------------------
     0 | D:1      | wakim the Octopode Transmuter began the quest for the Orb.
     0 | D:1      | Reached XP level 1. HP: 13/13 MP: 3/3
   212 | D:1      | Reached skill level 1 in Stealth
   251 | D:1      | Reached XP level 2. HP: 18/18 MP: 3/5
   830 | D:1      | Reached skill level 2 in Stealth
   997 | D:1      | Reached XP level 3. HP: 18/23 MP: 4/6
  1001 | D:1      | Learned a level 3 spell: Spider Form
  1993 | D:2      | Reached skill level 3 in Stealth
  2142 | D:2      | Reached XP level 4. HP: 28/28 MP: 5/7
  2359 | D:2      | Identified a scroll of acquirement
  2359 | D:2      | Acquired a +1 buckler of protection
  2575 | D:3      | Found Tidiomm's Antique Armour Boutique.
  3006 | D:3      | Reached skill level 4 in Stealth
  3121 | D:3      | Reached skill level 1 in Shields
  3192 | D:3      | Blown up by a hobgoblin

Illustrated notes

Levels and vault maps discovered:
D:1:      roderic_crossed_star, layout_basic
D:2:      layout_loops_cross
D:3:      layout_basic, serial_shops, nicolae_shop_overgrown_old_shop,
          due_unseen_surprise

Skill      XL: |  1  2  3  4 |
---------------+-------------+-----
Stealth        | 1 2 3 4 |  4.0
Shields        | 1 |  1.1
Fighting       | |  1.0
Dodging        | |  2.6
Unarmed Combat | |  3.8
Spellcasting   | |  2.0
Transmutations | |  2.0

Action                   |  1- 3 |  4- 6 || total
-------------------------+-------+-------++-------
Melee: Unarmed           |    95 |    44 ||   139
       Kick              |    22 |    15 ||    37
       Constrict         |    27 |    14 ||    41
       Punch             |     2 |       ||     2
       Tentacles         |    11 |     6 ||    17
 Cast: Beastly Appendage |    19 |    12 ||    31
  Use: Scroll            |       |     8 ||     8
 Stab: Sleeping          |     8 |     6 ||    14
Armor: Skin              |     7 |     4 ||    11
Dodge: Dodged            |    47 |    20 ||    67
Block: Buckler           |       |     9 ||     9

Table legend: (Time is in decaauts)
 A = Elapsed time spent in this place.
 B = Non-inter-level travel time spent in this place.
 C = Inter-level travel time spent in this place.
 D = Time resting spent in this place.
 E = Time spent auto-exploring this place.
 F = Levels seen in this place.
 G = Mean time per level.
                   A        B        C        D        E       F      G
               +--------+--------+--------+--------+--------+-----+--------+
         Total |   3185 |   3153 |     32 |      0 |   2619 |   3 | 1061.7 |
       Dungeon |   3185 |   3153 |     32 |      0 |   2619 |   3 | 1061.7 |
               +--------+--------+--------+--------+--------+-----+--------+

Top non-repeatable levels by time:
     D:1: 1470 daAuts
     D:2: 897 daAuts
     D:3: 817 daAuts
